 Dungeon Crawl Stone Soup version 0.31-a0-152-g6aa68a64a1 (webtiles) character file.

Game seed: 188916703416231901

45 qw the Shooter (level 3, -2/32 HPs)
             Began as a Naga Hunter on June 9, 2023.
             Slain by a cerulean imp
             ... wielding a +3 spear
             ... summoned by Natasha
              (3 damage)
             ... on level 2 of the Dungeon.
             The game lasted 00:00:21 (737 turns).

qw the Shooter (Naga Hunter)                         Turns: 737, Time: 00:00:22

Health: -2/32      AC:  2    Str: 13    XL:     3   Next: 64%
Magic:  3/3        EV:  9    Int:  9    God:
Gold:   73         SH:  0    Dex: 16    Spells: 2/2 levels left

rFire   . . .        Y - +0 shortbow
rCold   . . .        (shield currently unavailable)
rNeg    + . .        c - +0 leather armour
rPois   +            (no helmet)
rElec   .            (no cloak)
rCorr   .            (no gloves)
SInv    +            (no barding)
Will    .....        f - amulet of regeneration
Stlth   ++           e - ring of positive energy
HPRegen 1.05/turn    (no ring)
MPRegen 0.08/turn

%: no passive effects
@: very slow
A: AC +1, large, see invisible, deformed body, poison resistance, slowness 2,
spit poison 1, naga tail 1
a: Spit Poison


You were on level 2 of the Dungeon.
You visited 1 branch of the dungeon, and saw 2 of its levels.

You collected 73 gold pieces.


Innate Abilities, Weirdness & Mutations

Your serpentine skin is tough. (AC +1)
You have supernaturally acute eyesight. (SInv)
Armour fits poorly on your strangely shaped body.
Your system is resistant to poisons. (rPois)
You cover ground very slowly.
You can spit poison.
You have a snake-like lower body.


   Skills:
 - Level 2.0 Fighting
 + Level 4.8 Ranged Weapons
 - Level 1.5 Dodging
 - Level 1.5 Stealth


You had 2 spell levels left.
You didn't know any spells.
Your spell library was empty.

Inventory:

Hand Weapons
 Y - a +0 shortbow (weapon)
Armour
 c - a +0 leather armour (worn)
Jewellery
 e - a ring of positive energy (left hand)
 f - an amulet of regeneration (around neck)
Scrolls
 a - a scroll of identify
 b - 3 scrolls of enchant armour {unknown}

Dungeon Overview and Level Annotations

Branches:
Dungeon (2/15)

Altars:

Annotations:
D:2 Natasha


Message History

Aiming: Spit Poison (2% risk of failure)
Press: ? - help, Shift-Dir - straight line, f - Natasha, p - kobold The splash of poison hits Natasha!
Natasha is poisoned.
Natasha is heavily wounded.
Natasha mumbles some strange words.
You shoot an arrow. The arrow hits Natasha.
Natasha is almost dead.
Natasha casts a spell.
Natasha stares at you and mumbles some strange words.
The magic dart hits you.
You shoot an arrow. The arrow hits the hound zombie.
The hound zombie is lightly damaged.
An adder zombie comes into view.
Natasha casts a spell.
You shoot an arrow.
The arrow closely misses the hound zombie.
The hound zombie bites you.
Natasha drinks a potion.
Natasha is healed!
You shoot an arrow. The arrow hits the hound zombie.
The hound zombie is moderately damaged.
Natasha looks more healthy.
The hound zombie closely misses you. The cerulean imp closely misses you.
The hound zombie closely misses you.
You shoot an arrow. The arrow hits the hound zombie.
The hound zombie is moderately damaged.
You have got your breath back.
The cerulean imp hits you from afar with a +2 spear.
The cerulean imp hits you from afar with a +3 spear!
The hound zombie barely misses you. The cerulean imp barely misses you.
You shoot an arrow. The arrow hits the hound zombie.
The hound zombie is heavily damaged.
The hound zombie bites you.
The cerulean imp hits you from afar with a +3 spear.
The hound zombie bites you but does no damage.
The cerulean imp barely misses you.
The cerulean imp hits you from afar with a +3 spear.
You shoot an arrow. The arrow hits the hound zombie!
The hound zombie is almost destroyed.
The hound zombie completely misses you.
The cerulean imp hits you from afar with a +2 spear!
The cerulean imp hits you from afar with a +3 spear.
You die...

..####.8..#### #.#
........P....###.#
...###8.......##.# ...#
#...8..#..%.#
...###..###...##.#
.......####.#.##.#
(###.#####.###.#.#######
.###.# #.%## ##...5hK..#
.....# #.#.###.#@#####.#
.##..# #.##.#.##.Z55Z...
.##..# #.###.#########.#
.##..###.###.#
.##..........#
.........#####
###.###### #.# #.#


You could see Natasha, 3 cerulean imps, an adder zombie, a hound zombie and a
kobold.

Vanquished Creatures
  An adder skeleton (D:2)
  A worm (D:2)
  A dart slug (D:1)
  4 bats
  3 endoplasms (D:1)
  2 giant cockroaches
  4 goblins
  5 hobgoblins
  A quokka (D:1)
  5 ball pythons (D:1)
  A giant cockroach zombie (D:2)
  2 kobolds (D:1)
  4 rats (D:1)
34 creatures vanquished.

Notes
Turn   | Place    | Note
-------+----------+-------------------------------------------
     0 | D:1      | qw the Naga Hunter began the quest for the Orb.
     0 | D:1      | Reached XP level 1. HP: 19/19 MP: 1/1
     0 | D:1      | 0 ||| qw: Version: 0.2-a-122-gbc61b45
     0 | D:1      | 0 ||| qw: Game counter: 3420
     0 | D:1      | 0 ||| qw: Always use a shield: true
     0 | D:1      | 0 ||| qw: God list: Okawaru
     0 | D:1      | 0 ||| qw: Allow faded altars: false
     0 | D:1      | 0 ||| qw: Do Orc after D:15 true
     0 | D:1      | 0 ||| qw: Do second Lair branch before Depths: true
     0 | D:1      | 0 ||| qw: Lair rune preference: random
     0 | D:1      | 0 ||| qw: Plans: Normal
     0 | D:1      | 0 ||| PLANNING D:1-11
    13 | D:1      | 13 ||| INVOKING Spit Poison.
    21 | D:1      | 21 ||| INVOKING Spit Poison.
    41 | D:1      | 41 ||| INVOKING Spit Poison.
    80 | D:1      | 80 ||| INVOKING Spit Poison.
   109 | D:1      | 109 ||| INVOKING Spit Poison.
   117 | D:1      | Reached skill level 4 in Ranged Weapons
   117 | D:1      | Reached XP level 2. HP: 26/26 MP: 2/2
   128 | D:1      | 128 ||| INVOKING Spit Poison.
   138 | D:1      | 138 ||| INVOKING Spit Poison.
   143 | D:1      | 143 ||| INVOKING Spit Poison.
   148 | D:1      | 148 ||| INVOKING Spit Poison.
   219 | D:1      | 219 ||| INVOKING Spit Poison.
   220 | D:1      | 220 ||| INVOKING Spit Poison.
   223 | D:1      | 223 ||| INVOKING Spit Poison.
   239 | D:1      | 239 ||| INVOKING Spit Poison.
   240 | D:1      | 240 ||| INVOKING Spit Poison.
   246 | D:1      | 246 ||| INVOKING Spit Poison.
   293 | D:1      | 293 ||| INVOKING Spit Poison.
   296 | D:1      | 296 ||| INVOKING Spit Poison.
   301 | D:1      | Reached XP level 3. HP: 32/32 MP: 3/3
   361 | D:1      | 361 ||| INVOKING Spit Poison.
   367 | D:1      | 367 ||| INVOKING Spit Poison.
   406 | D:1      | 406 ||| INVOKING Spit Poison.
   425 | D:1      | 425 ||| INVOKING Spit Poison.
   509 | D:1      | 509 ||| INVOKING Spit Poison.
   595 | D:1      | 595 ||| UPGRADING to amulet of regeneration.
   600 | D:1      | 600 ||| UPGRADING to ring of positive energy.
   601 | D:1      | 601 ||| READING 2 scrolls labelled SYOQYOXK EPLUO.
   602 | D:1      | 602 ||| DROPPING scroll of butterflies.
   641 | D:2      | 641 ||| INVOKING Spit Poison.
   651 | D:2      | 651 ||| INVOKING Spit Poison.
   656 | D:2      | 656 ||| INVOKING Spit Poison.
   689 | D:2      | 689 ||| INVOKING Spit Poison.
   695 | D:2      | 695 ||| INVOKING Spit Poison.
   710 | D:2      | 710 ||| INVOKING Spit Poison.
   728 | D:2      | Noticed Natasha
   730 | D:2      | 730 ||| INVOKING Spit Poison.
   736 | D:2      | HP: 7/32 [cerulean imp/+3 spear[Natasha] (6)]
   737 | D:2      | HP: 1/32 [cerulean imp/+2 spear[Natasha] (7)]
   737 | D:2      | Slain by a cerulean imp

Levels and vault maps discovered:
D:1:      lightli_arrival_statuegarden, layout_loops_ring,
          minmay_tree_intersection
D:2:      layout_loops_ring, serial_undead, serial_undead_a, serial_undead_f,
          serial_undead_a, serial_undead_e, serial_undead_f,
          reono_crystal_passage, uniq_natasha, uniq_jessica

Skill      XL: |  1 |
---------------+----+-----
Ranged Weapons | 4 |  4.8
Fighting       | |  2.0
Dodging        | |  1.5
Stealth        | |  1.5

Action                     || total
---------------------------++-------
   Fire: Shortbow          ||    66
Ability: Spit Poison       ||    27
    Use: Scroll            ||     1
 Armour: Leather armour    ||     5
  Dodge: Dodged            ||    15

Table legend:
 A = Non-vault XP
 B = Vault XP
 C = Vault XP percentage of total XP
 D = Non-vault monster count
 E = Vault monster count
 F = Vault count percentage of total count
                 A         B        C        D         E       F
            +---------+---------+-------+---------+---------+-------
      Total |      59 |       6 |   9.2 |      32 |       2 |   5.9
            +---------+---------+-------+---------+---------+-------
        D:1 |      47 |       0 |   0.0 |      27 |       0 |   0.0
        D:2 |      12 |       6 |  33.3 |       5 |       2 |  28.6
            +---------+---------+-------+---------+---------+-------
